 Dungeon Crawl Stone Soup version 0.30-a0-263-ge22c4ad894 (webtiles) character file.

Game seed: 14549834352376652654

82590 koil the Spry (level 15, -2/72 (80) HPs)
             Began as a Spriggan Enchanter on Oct 13, 2022.
             Was the Champion of Dithmenos.
             Slain by a fenstrider witch simulacrum (20 damage)
             ... on level 1 of the Swamp.
             The game lasted 02:15:05 (24769 turns).

koil the Spry (Spriggan Enchanter)                 Turns: 24769, Time: 02:15:05

HP:   -2/72 (80)    AC:  6    Str:  4    XL:     15   Next: 29%
MP:   43/43         EV: 38    Int: 19    God:    Dithmenos [******]
Gold: 2478          SH:  0    Dex: 31    Spells: 25/42 levels left

rFire   + + +      SeeInvis +    a - +5 quick blade (freeze)
rCold   . . .      Faith    .    (no shield)
rNeg    . . .      Spirit   .    E - +2 robe of Wuwuhiaq {Will+ Dex+4 Stlth+}
rPois   +          Reflect  .    q - +2 hat {Stlth+}
rElec   .          Harm     .    j - scarf {repulsion}
rCorr   +          Rampage  .    (gloves unavailable)
Will    +++..                    (boots unavailable) Stlth *******+++
                                 r - amulet of magic regeneration
HPRegen 0.32/turn                Q - +6 ring of dexterity
MPRegen 0.68/turn                t - ring of Rixiydy {rF+++ rCorr MP+9 Slay+4}

@: wreathed by umbra, heavily drained, repel missiles, very quick
A: very small, no large weapons, unfitting armour, see invisible, speed 3,
poison resistance
a: Renounce Religion, Shadow Step, Shadow Form


You were on level 1 of the Swamp.
You worshipped Dithmenos.
Dithmenos was exalted by your worship.
You visited 5 branches of the dungeon, and saw 22 of its levels.
You also visited: Sewer and Bailey.

You collected 3578 gold pieces.
You spent 1100 gold pieces at shops.

Inventory:

Hand Weapons
 a - a +5 quick blade of freezing (weapon)
 n - a +2 spear of venom
Missiles
 x - 12 atropa-tipped darts
 B - 5 curare-tipped darts
 W - 43 poisoned darts (quivered)
Armour
 j - a scarf of repulsion (worn)
 q - a +2 hat of stealth (worn)
 E - the +2 robe of Wuwuhiaq (worn) {Will+ Dex+4 Stlth+}
   (You found it on level 10 of the Dungeon)

   Dex:       It affects your dexterity (+4).
   Will:      It increases your willpower.
   Stlth:     It makes you more stealthy.
 I - a +2 robe of willpower
 Z - a +1 robe of cold resistance
Jewellery
 l - a +4 ring of evasion
 m - a ring of willpower
 r - an amulet of magic regeneration (around neck)
 t - the ring of Rixiydy (right hand) {rF+++ rCorr MP+9 Slay+4}
   (You acquired it in the Ecumenical Temple)

   [ring of slaying]

   Slay:      It affects your accuracy & damage with ranged weapons and melee
   (+4).
   rF:        It renders you almost immune to fire.
   MP:        It affects your magic capacity (+9).
   rCorr:     It protects you from acid and corrosion.
 L - a ring of flight
 M - a +4 ring of protection
 Q - a +6 ring of dexterity (left hand)
 U - the amulet "Syqihi" {Acrobat Rampage MP+9 Int+2}
   (You found it on level 5 of the Lair of Beasts)

   [amulet of the acrobat]

   It increases your evasion while moving and waiting.
   Int:       It affects your intelligence (+2).
   MP:        It affects your magic capacity (+9).
   Rampage:   It bestows one free step when moving towards enemies.
 V - a ring of protection from cold
 X - a ring of wizardry
Wands
 s - a wand of polymorph (6)
 D - a wand of acid (6)
 N - a wand of flame (17)
 O - a wand of paralysis (19)
Scrolls
 f - 14 scrolls of teleportation
 g - a scroll of amnesia
 i - 2 scrolls of enchant armour
 k - 3 scrolls of magic mapping
 v - 5 scrolls of fear
 z - 7 scrolls of identify
 H - 3 scrolls of fog
 J - a scroll of poison
 K - 3 scrolls of blinking
Potions
 b - a potion of resistance
 c - 2 potions of invisibility
 e - 6 potions of brilliance
 h - a potion of magic
 o - 3 potions of cancellation
 p - 7 potions of curing
 A - a potion of lignification
 F - 3 potions of might
 R - 2 potions of ambrosia


   Skills:
 + Level 10.0 Fighting
 - Level 10.0 Short Blades
 - Level 15.0 Dodging
 + Level 13.9 Stealth
 + Level 14.2 Spellcasting
 + Level 6.6 Conjurations
 - Level 10.5 Hexes
 + Level 7.3 Fire Magic
 + Level 3.2 Evocations


You had 25 spell levels left.
You knew the following spells:

 Your Spells              Type           Power      Damage    Failure   Level
a - Ensorcelled Hibernat  Hex/Ice        66%        N/A       1%          2
b - Confusing Touch       Hex            52%        N/A       1%          3
c - Flame Wave            Conj/Fire      40%        2d11      2%          4
d - Fulminant Prism       Conj/Hex       23%        3d13      1%          4
e - Sticky Flame          Conj/Fire      40%        2d6       2%          4

Your spell library contained the following spells:

 Spells                   Type           Power      Damage    Failure   Level
 Dazzling Flash           Conj/Hex       92%        N/A       1%          3
 Inner Flame              Hex/Fire       47%        N/A       1%          3
 Tukima's Dance           Hex            52%        N/A       1%          3
 Apportation              Tloc           26%        N/A       4%          1
 Kindle Blastsparks       Fire/Tloc/Air  44%        2d13      5%          3
 Leda's Liquefaction      Hex/Erth       16%        N/A       5%          4
 Mephitic Cloud           Conj/Pois/Air  21%        N/A       6%          3
 Cigotuvi's Dreadful Rot  Necr/Pois/Air  26%        N/A       8%          2
 Poisonous Vapours        Pois/Air       26%        N/A       8%          2
 Iskenderun's Mystic Bla  Conj/Tloc      26%        2d7       12%         4
 Gell's Gravitas          Tloc           13%        N/A       14%         3
 Teleport Other           Tloc           13%        N/A       14%         3
 Vhi's Electric Charge    Tloc/Air       26%        N/A       14%         3
 Metabolic Englaciation   Hex/Ice        16%        N/A       16%         5
 Silence                  Hex/Air        16%        N/A       16%         5
 Lightning Bolt           Conj/Air       13%        1d26      34%         5
 Airstrike                Air            6%         2d(1-17)  43%         4
 Dispel Undead            Necr           13%        3d9       43%         4
 Passage of Golubria      Tloc           13%        N/A       43%         4
 Petrify                  Tmut/Erth      13%        N/A       43%         4
 Summon Lightning Spire   Summ/Air       13%        N/A       43%         4
 Alistair's Intoxication  Tmut/Pois      8%         N/A       80%         5
 Lee's Rapid Deconstruct  Erth           6%         3d7*      80%         5
 Death Channel            Necr           6%         N/A       100%        6
 Dispersal                Tloc           6%         N/A       100%        6
 Statue Form              Tmut/Erth      8%         N/A       100%        6
 Lehudib's Crystal Spear  Conj/Erth      13%        10d4      100%        8
 Maxwell's Capacitive Co  Air            6%         ∞         100%        8


Dungeon Overview and Level Annotations

Branches:
Dungeon (13/15)            Temple (1/1) D:7            Lair (5/5) D:10
  Swamp (1/4) Lair:2        Snake (0/4) Lair:2        Slime (0/5) Lair:5
    Orc (2/2) D:12            Elf (0/3) Orc:2         Sewer (visited)
 Bailey (visited)
 Vaults: D:13-14

Altars:
Ashenzari
Cheibriados
Dithmenos
Elyvilon
Fedhas
Gozag
Hepliaklqana
Kikubaaqudgha
Makhleb
Nemelex Xobeh
Okawaru
Qazlal
Ru
Sif Muna
Trog
Uskayaw
Vehumet
Wu Jian
Xom
Yredelemnul
Zin
The Shining One
Jiyva

Shops:
D:1 (   D:4 :   D:8 *   D:10 *   D:11 (   D:12 *   Orc:1 (   Orc:2 [([*

Annotations:
Swamp:1 Vioczuc's ghost, adept TrCK


Innate Abilities, Weirdness & Mutations

You are very small and have problems with some larger weapons.
You are too small for most types of armour.
You have supernaturally acute eyesight. (SInv)
You cover ground extremely quickly. (Speed+++)
Your system is resistant to poisons. (rPois)


Message History

Confirm with . or Enter, or press ? or * to list all spells.
Your hands begin to glow red.
The spectral spriggan air mage hits you.
You feel drained.
Your unstable footing causes you to fumble your attack.
Vioczuc's ghost says, "Crushing you to a pulp will hurt a lot.
After that?
Painless!
I promise!"
Your unstable footing causes you to fumble your attack.
The spectral spriggan air mage hits you but does no damage.
You hit the spectral spriggan air mage but do no damage.
The spectral spriggan air mage is completely immune to your confusing touch!
The spectral spriggan air mage is heavily damaged.
Your shadow hits the spectral spriggan air mage but does no damage.
Your hands stop glowing.
You hit the spectral spriggan air mage.
You freeze the spectral spriggan air mage.
The spectral spriggan air mage is heavily damaged.
Your shadow hits the spectral spriggan air mage but does no damage.
Your unstable footing causes you to fumble your attack.
The spectral spriggan air mage completely misses you.
You hit the spectral spriggan air mage.
The spectral spriggan air mage is heavily damaged.
You puncture the spectral spriggan air mage!
You freeze the spectral spriggan air mage.
The spectral spriggan air mage is severely damaged.
Your shadow closely misses the spectral spriggan air mage.
Your unstable footing causes you to fumble your attack.
Your unstable footing causes you to fumble your attack.
The spectral spriggan air mage misses you.
You closely miss the spectral spriggan air mage.
The spectral spriggan air mage is severely damaged.
Your shadow hits the spectral spriggan air mage with a quick blade.
Your unstable footing causes you to fumble your attack.
The spectral spriggan air mage completely misses you.
The fenstrider witch simulacrum completely misses you.
The fenstrider witch simulacrum misses you.
The spectral spriggan air mage completely misses you.
The fenstrider witch simulacrum hits you!
* * * LOW HITPOINT WARNING * * *
The fenstrider witch simulacrum freezes you!!
You die...

♣~.♣♣.~~~~~~.~.♣~~.§~♣
♣ ####
♣♣~.♣...~.~♣~~~§~~~.~~♣
♣ Z#.#
♣.~.~~~~♣.♣~~~.~~..~.♣♣
♣ ..$#
♣♣~.♣.....~~~~~♣~~♣~~♣
.$##
♣...♣.§♣.§~~~.....~.♣
.[.#
♣~~.~~~.~~~~.♣♣♣♣♣~.♣
.!## ♣.~~~~.~.Z~~♣♣
♣~.♣ ..$# ♣.~~~♣.~♣ZW♣♣
♣..♣ .#.# ♣♣.~~♣.....@♣
♣♣)♣ ## # ♣..~...~~.~.♣
♣.♣ ♣♣..♣...~♣.~.♣ ♣♣.♣
♣..♣♣♣(......♣ ♣..♣ ♣ ♣
♣♣.♣♣ ♣♣.~~.~♣♣ ♣..♣♣ ♣
♣♣♣♣Z♣♣ ♣)<♣.~.♣ ♣...♣
♣ §§♣♣.♣ ♣♣§~~.♣♣
♣♣...♣ ♣♣ §§§W♣♣
♣♣~~♣~♣ ♣>.♣.♣ ♣.
§§§ZZ♣ ♣.~..~♣ ♣.♣♣.♣
♣.


You could see a spectral spriggan air mage, Vioczuc's ghost and a fenstrider
witch simulacrum.

Vanquished Creatures
  Saint Roka (Orc:2)
  Gastronok (D:12)
  2 eleionomae (Swamp:1)
  A bunyip (Swamp:1)
  Josephine (D:11)
  A spectral fenstrider witch (Swamp:1)
  4 hydras
  A catoblepas (Lair:5)
  An alligator (Swamp:1)
  6 two-headed ogres
  4 boulder beetles
  3 death yaks (Lair:5)
  An orc high priest (Orc:2)
  Urug (D:12)
  Nergalle (Lair:1)
  2 spriggan druids
  A lindwurm (Lair:3)
  3 bog bodies
  A swamp dragon (Swamp:1)
  A deep elf pyromancer (D:13)
  4 orc sorcerers (Orc:2)
  2 orc knights (Orc:2)
  3 ugly things
  A cyclops (D:11)
  2 will-o-the-wisps (Swamp:1)
  3 manticores
  8 black mambas
  20 elephants
  3 torpor snails
  10 cane toads
  12 komodo dragons
  2 unseen horror zombies (D:9)
  Maggie (D:7)
  A kobold demonologist (D:11)
  3 rime drakes
  2 polar bears (Lair:3)
  7 trolls
  3 tyrant leeches (Swamp:1)
  24 blink frogs
  7 hornets
  3 slime creatures (D:12)
  11 dream sheep (Lair:5)
  8 spriggans
  Sigmund (D:3)
  26 yaks
  5 wyverns
  2 steam dragons
  2 shadows (D:12)
  5 wraiths
  5 basilisks
  7 vampire mosquitoes (D:12)
  7 swamp worms
  3 nagas (Lair:2)
  3 wargs (Orc:2)
  An acid dragon (D:11)
  17 water moccasins
  5 swamp drakes (Swamp:1)
  28 orc warriors
  Pargi (Sewer)
  3 black bears
  3 centaurs
  9 ogres
  17 wolves
  2 phantoms
  Blork the orc (D:6)
  17 bullfrogs
  6 kobold brigands
  3 scorpions
  A gnoll sergeant (D:10)
  22 wights
  12 killer bees
  A troll zombie (D:12)
  2 vampire bats (D:3)
  3 howler monkeys
  An electric eel (Lair:2)
  3 centaur zombies (D:9)
  3 gnoll boudas
  15 orc priests
  3 hounds
  21 orc wizards
  A hell rat (Lair:5)
  3 iguanas (D:5)
  5 ogre zombies (D:12)
  A howler monkey zombie (D:9)
  21 gnolls
  7 adders
  2 ufetubi
  3 worms
  3 dart slugs
  62 orcs
  9 ball pythons
  5 endoplasms
  7 giant cockroaches
  11 goblins
  11 hobgoblins
  9 jackals
  31 kobolds
  4 quokkas
  12 bats
  4 frilled lizards
  A goblin skeleton (D:12)
  3 goblin zombies (D:12)
  A hobgoblin skeleton (D:12)
  3 hobgoblin zombies (D:12)
  2 orc skeletons (D:12)
  9 orc zombies (D:12)
  5 rats
678 creatures vanquished.

Vanquished Creatures (collateral kills)
  An endoplasm (D:2)
  A goblin (D:1)
2 creatures vanquished.

Vanquished Creatures (others)
  A bloated husk (Swamp:1)
  An orc wizard (Orc:2)
  8 foxfires (Swamp:1)
  2 fulminant prisms (Swamp:1)
  20 fungi
  77 plants
  2 withered plants (D:9)
111 creatures vanquished.

Grand Total: 791 creatures vanquished

Notes
Turn   | Place    | Note
-------+----------+-------------------------------------------
     0 | D:1      | koil the Spriggan Enchanter began the quest for the Orb.
     0 | D:1      | Reached XP level 1. HP: 9/9 MP: 5/5
   163 | D:1      | Found Munaneh's Weapon Emporium.
   307 | D:1      | Reached XP level 2. HP: 13/13 MP: 6/6
   310 | D:1      | Learned a level 2 spell: Ensorcelled Hibernation
   422 | D:1      | Reached skill level 3 in Dodging
   668 | D:1      | Reached XP level 3. HP: 17/17 MP: 8/8
  1671 | D:2      | Found a snail-covered altar of Cheibriados.
  1843 | D:3      | Found an ornate altar of the Wu Jian Council.
  1908 | D:3      | Found a large runed translucent door.
  1908 | D:3      | Found a large runed translucent door.
  2064 | D:3      | Reached XP level 4. HP: 17/21 MP: 9/9
  2068 | D:3      | Reached skill level 1 in Fighting
  2079 | D:3      | Reached skill level 5 in Stealth
  2098 | D:3      | Reached XP level 5. HP: 17/25 MP: 11/11
  2134 | D:3      | Noticed Sigmund
  2142 | D:3      | Learned a level 3 spell: Confusing Touch
  2151 | D:3      | Found a glowing drain.
  2153 | D:3      | Killed Sigmund
  2154 | D:3      | Reached skill level 4 in Dodging
  2154 | D:3      | Reached XP level 6. HP: 30/30 MP: 12/12
  2175 | Sewer    | Entered a sewer
  2311 | Sewer    | Noticed Pargi
  2328 | Sewer    | Killed Pargi
  2837 | D:3      | Found a sacrificial altar of Ru.
  3279 | D:3      | Found a snail-covered altar of Cheibriados.
  3290 | D:3      | Found a bloodstained altar of Trog.
  3443 | D:4      | Reached skill level 5 in Hexes
  3443 | D:4      | Reached XP level 7. HP: 29/35 MP: 14/14
  3920 | D:4      | Found Pyuc Del's Book Boutique.
  3983 | D:4      | Identified the +5 falchion of Vammofowuh {vorpal, rF+
                  | Int+3}
  4296 | D:5      | Entered Level 5 of the Dungeon
  4357 | D:5      | Reached skill level 5 in Short Blades
  4448 | D:5      | Reached skill level 5 in Dodging
  4626 | D:5      | Found a sparkling altar of Nemelex Xobeh.
  4919 | D:5      | Reached XP level 8. HP: 39/39 MP: 16/16
  5034 | D:5      | Reached skill level 5 in Spellcasting
  5409 | D:6      | Noticed Blork the orc
  5436 | D:6      | Killed Blork the orc
  5542 | D:6      | Reached skill level 6 in Dodging
  5845 | D:6      | Reached XP level 9. HP: 44/44 MP: 18/18
  6062 | D:7      | Found a broken altar of Ashenzari.
  6236 | D:7      | Found a staircase to the Ecumenical Temple.
  6441 | D:7      | Noticed Maggie
  6487 | D:7      | Killed Maggie
  6488 | D:7      | Reached skill level 7 in Dodging
  6725 | D:7      | Found a stormy altar of Qazlal.
  7138 | Temple   | Entered the Ecumenical Temple
  7300 | Temple   | Became a worshipper of Dithmenos the Shadowed
  7334 | Temple   | Identified a scroll of acquirement
  7334 | Temple   | Acquired the ring of Rixiydy {rF+++ rCorr MP+9 Slay+4}
  7400 | Temple   | Gained mutation: Your system is resistant to poisons.
                  | (rPois) [potion of mutation]
  7792 | D:8      | Found Gops's Assorted Antiques.
  7898 | D:8      | Reached XP level 10. HP: 50/50 MP: 21/21
  8316 | D:8      | Found a flagged portal.
  8324 | D:8      | Reached * piety under Dithmenos
  8332 | Bailey   | Entered a bailey
  8437 | Bailey   | Found a burning altar of Makhleb.
  8464 | Bailey   | Reached skill level 10 in Stealth
  8622 | Bailey   | Acquired 1112 gold pieces
  8697 | D:9      | Reached skill level 8 in Dodging
  9017 | D:9      | Noticed a two-headed ogre
  9022 | D:9      | Killed a two-headed ogre
  9022 | D:9      | Reached ** piety under Dithmenos
  9174 | D:9      | Reached skill level 5 in Fighting
  9387 | D:9      | Reached skill level 10 in Short Blades
  9544 | D:10     | Entered Level 10 of the Dungeon
  9546 | D:10     | Noticed a two-headed ogre
  9549 | D:10     | Killed a two-headed ogre
  9550 | D:10     | Reached XP level 11. HP: 56/56 MP: 24/24
  9557 | D:10     | Identified the +2 robe of Wuwuhiaq {Will+ Dex+4 Stlth+}
  9574 | D:10     | Noticed a six-headed hydra
  9580 | D:10     | Killed a six-headed hydra
  9581 | D:10     | Reached skill level 9 in Dodging
  9841 | D:10     | Found Haeh's Assorted Antiques.
  9951 | D:10     | Found a basalt altar of Yredelemnul.
 10205 | D:10     | Found a staircase to the Lair.
 10734 | D:11     | Reached *** piety under Dithmenos
 10826 | D:11     | Noticed a boulder beetle
 10833 | D:11     | Killed a boulder beetle
 10878 | D:11     | Found Adoef's Weapon Boutique.
 11002 | D:11     | Bought a +1 quick blade of freezing for 578 gold pieces
 11058 | D:11     | Noticed a two-headed ogre
 11060 | D:11     | Noticed Josephine
 11061 | D:11     | You fall into a shaft and drop 2 floors!
 11091 | D:13     | Noticed a two-headed ogre
 11091 | D:13     | Noticed a two-headed ogre
 11091 | D:13     | Noticed a two-headed ogre
 11092 | D:13     | Noticed a two-headed ogre
 11096 | D:13     | Killed a two-headed ogre
 11098 | D:13     | Killed a two-headed ogre
 11099 | D:13     | Reached skill level 10 in Dodging
 11105 | D:13     | Noticed a green ugly thing
 11112 | D:13     | Killed a two-headed ogre
 11128 | D:13     | Killed a green ugly thing
 11129 | D:13     | Reached skill level 10 in Hexes
 11147 | D:13     | Noticed a deep elf pyromancer
 11151 | D:13     | Noticed a purple ugly thing
 11153 | D:13     | Killed a deep elf pyromancer
 11159 | D:13     | Killed a purple ugly thing
 11452 | D:11     | Killed Josephine
 11453 | D:11     | Reached XP level 12. HP: 60/62 MP: 25/26
 11580 | D:11     | Killed a two-headed ogre
 11581 | D:11     | Reached skill level 10 in Spellcasting
 11760 | D:12     | Found Haynebbo's General Store.
 11809 | D:12     | Bought a potion of magic for 88 gold pieces
 12176 | D:12     | Learned a level 4 spell: Flame Wave
 12185 | D:12     | Noticed Gastronok
 12205 | D:12     | Killed Gastronok
 12206 | D:12     | Reached skill level 11 in Dodging
 12211 | D:12     | Reached skill level 1 in Fire Magic
 12275 | D:12     | Found a snail-covered altar of Cheibriados.
 12361 | D:12     | Noticed a boulder beetle
 12368 | D:12     | Killed a boulder beetle
 12369 | D:12     | Reached skill level 1 in Conjurations
 12441 | D:12     | Found a staircase to the Orcish Mines.
 12449 | D:12     | Reached **** piety under Dithmenos
 12723 | D:12     | Noticed Urug
 12729 | D:12     | Killed Urug
 13111 | D:12     | Reached ***** piety under Dithmenos
 13467 | Lair:1   | Entered Level 1 of the Lair of Beasts
 13509 | Lair:1   | Got the Book of Arcane Weapons and the Birds
 13539 | Lair:1   | Noticed a four-headed hydra
 13547 | Lair:1   | Killed a four-headed hydra
 13581 | Lair:1   | Noticed Nergalle
 13588 | Lair:1   | Killed Nergalle
 13589 | Lair:1   | Reached skill level 12 in Dodging
 14557 | Lair:2   | Reached XP level 13. HP: 67/67 MP: 29/29
 14712 | Lair:2   | Found a staircase to the Snake Pit.
 14937 | Lair:2   | Found a staircase to the Swamp.
 16415 | Lair:3   | Reached skill level 13 in Dodging
 17269 | Lair:4   | Reached skill level 5 in Fire Magic
 17316 | Lair:4   | Identified the +5 ring mail of Spite {Str+3 Int+4}
 18116 | Lair:5   | Entered Level 5 of the Lair of Beasts
 18125 | Lair:5   | Found a staircase to the Slime Pits.
 18125 | Lair:5   | Found a viscous altar of Jiyva.
 18175 | Lair:5   | Reached XP level 14. HP: 74/74 MP: 31/31
 18181 | Lair:5   | Reached ****** piety under Dithmenos
 18337 | Lair:5   | Reached skill level 5 in Conjurations
 18611 | Lair:5   | Reached skill level 14 in Dodging
 19467 | Lair:5   | Identified the amulet "Syqihi" {Acrobat Rampage MP+9 Int+2}
 19992 | D:8      | Bought a marble ring for 140 gold pieces
 20078 | Temple   | Upgraded the game from 0.30-a0-250-g41c1d76940 to
                  | 0.30-a0-263-ge22c4ad894
 20228 | Orc:1    | Entered Level 1 of the Orcish Mines
 20249 | Orc:1    | Found Zugopn's Weapon Emporium.
 20845 | Orc:2    | Entered Level 2 of the Orcish Mines
 20908 | Orc:2    | Found Jis Reg's General Store.
 20939 | Orc:2    | Bought a wand of acid (7) for 294 gold pieces
 21306 | Orc:2    | Found Qehuz's Antique Armour Boutique.
 21592 | Orc:2    | Found a staircase to the Elven Halls.
 21998 | Orc:2    | Noticed Saint Roka
 22465 | Orc:2    | Found Pek Doc's Antique Armour Shop.
 22489 | Orc:2    | Found Qisusudu's Antique Weapon Boutique.
 22759 | Orc:2    | Killed Saint Roka
 22760 | Orc:2    | Reached skill level 15 in Dodging
 23171 | Temple   | Learned a level 4 spell: Fulminant Prism
 23176 | Temple   | Learned a level 4 spell: Sticky Flame
 23328 | Swamp:1  | Entered Level 1 of the Swamp
 23467 | Swamp:1  | Reached XP level 15. HP: 80/80 MP: 33/33
 23686 | Swamp:1  | Reached skill level 1 in Evocations
 23889 | Swamp:1  | Found a runed translucent gate.
 23889 | Swamp:1  | Found a runed translucent gate.
 23892 | Swamp:1  | Found a runed translucent gate.
 23946 | Swamp:1  | Noticed Vioczuc's ghost (adept TrCK)
 24408 | Swamp:1  | Reached skill level 10 in Fighting
 24712 | Swamp:1  | HP: 1/74 [spriggan berserker simulacrum (23)]
 24769 | Swamp:1  | Slain by a fenstrider witch simulacrum

Illustrated notes

Levels and vault maps discovered:
D:1:      nicolae_arrival_washed_ashore, layout_basic, serial_shops, shop_statue
D:2:      layout_loops_cross, basic_altar
D:3:      minmay_razor_zed, layout_basic, amcnicky_altar_gilded,
          lemuel_doored_altar, jmf_multi_god_temple2, portal_sewer_entry_a,
          roderic_batcave, uniq_sigmund
D:4:      layout_basic, serial_shops, nicolae_shop_crystal, nrook_loot_triangle
D:5:      layout_gridville, mainiacjoe_overflow_six_doors_small,
          minmay_misc_feat_encased
D:6:      layout_loops_ring, uniq_blork_the_orc
D:7:      layout_gridville, grunt_qazlal_clouds, ashenzari_conservatory_becter,
          temple_pool_b, uniq_maggie
D:8:      layout_gridville, enter_bailey_7, serial_shops,
          nicolae_shop_competitors_out_of_business
D:9:      layout_basic, serial_undead, serial_undead_f, serial_undead_e,
          serial_undead_a, serial_undead_d
D:10:     layout_loops_ring, nicolae_overflow_hidden_temple,
          david_lair_shrubbed, serial_shops, kennysheep_little_box
D:11:     layout_cave_pools, serial_shops, shop, kennysheep_boxes,
          uniq_josephine
D:12:     layout_roguey, zombieorc1_lemuel, serial_shops, shop_fountains,
          slow_altar_1, uniq_urug, uniq_gastronok
D:13:     cheibrodos_hippocracy, layout_cave_pools,
          nicolae_ru_sacrificial_ziggurat
Temple:   zaba_magenta_temple
Lair:1:   layout_concentric_octagons, infiniplex_staircase_pool,
          grunt_megastairs_5, uniq_nergalle
Lair:2:   layout_layer_cave, nicolae_swamp_entry_splash_gauntlet,
          guppyfry_snake_entry_garden, grunt_megastairs_4, lemuel_fruit_tree
Lair:3:   layout_gridlike, infiniplex_staircase_pool_2, grunt_megastairs_1,
          serial_bayou_shore_b, lemuel_fruit_fields
Lair:4:   nzn_winding_woodlands_stair_trap [nzn_winding_woodlands_5x15_default,
          nzn_winding_woodlands_5x15_crooked,
          nzn_winding_woodlands_5x15_river_crossing,
          nzn_winding_woodlands_15x15_eel_pit, nzn_winding_woodlands_5x15_pool,
          nzn_winding_woodlands_5x15_zeroes,
          nzn_winding_woodlands_5x15_pockets], layout_regular_city,
          serial_bayou_pond_e
Lair:5:   hangedman_lair_in_review, layout_loops_ring, slime_entry_1
Swamp:1:  layout_falls_marsh, gammafunk_ghost_necromancy,
          evilmike_swamp_ruin_house_4, swamp_pool5
Orc:1:    layout_caves, serial_shops, nicolae_shop_bloodbath_and_beyond,
          nicolae_orc_tapped_out
Orc:2:    grunt_orc_community_town_hall, layout_diamond_mine,
          grunt_orc_community_big_house_1, grunt_orc_community_big_house_2,
          grunt_orc_community_house_2, grunt_orc_community_house_2,
          grunt_orc_community_house_2, grunt_orc_community_house_2

Skill      XL: |  1  2  3  4  5  6  7  8  9 10 11 12 13 14 15 |
---------------+----------------------------------------------+-----
Dodging        | 3 4 5 6 7 8 10 12 13 15 | 15.0
Short Blades   | 2 3 4 5 6 8 10 | 10.0
Spellcasting   | 3 4 5 6 8 9 11 12 13 14 | 14.2
Hexes          | 4 5 6 7 8 10 | 10.5
Fighting       | 1 2 3 4 5 6 7 8 9 10 | 10.0
Stealth        | 5 6 7 8 9 11 13 | 13.9
Fire Magic     | 3 5 6 7 |  7.3
Conjurations   | 3 4 6 |  6.6
Evocations     | 3 |  3.2

Action                   |  1- 3 |  4- 6 |  7- 9 | 10-12 | 13-15 || total
-------------------------+-------+-------+-------+-------+-------++-------
Melee: Dagger            |   168 |   148 |    14 |       |       ||   330
       Punch             |     3 |       |     3 |    14 |    15 ||    35
       Short sword       |       |       |   249 |   404 |       ||   653
       Quick blade       |       |       |       |   386 |  1061 ||  1447
 Cast: Ensorcelled Hiber |     1 |    11 |    46 |    58 |   195 ||   311
       Confusing Touch   |       |       |    12 |    17 |    20 ||    49
       Fulminant Prism   |       |       |       |       |     2 ||     2
Evoke: Wand              |       |       |       |       |     1 ||     1
  Use: Scroll            |       |       |    16 |     8 |     9 ||    33
       Potion            |       |       |     6 |     2 |     2 ||    10
 Stab: Sleeping          |    14 |    13 |    50 |    61 |   182 ||   320
       Confused          |       |       |    11 |    21 |    20 ||    52
       Distracted        |       |       |     1 |       |    10 ||    11
Armor: Robe              |    13 |    15 |     7 |    20 |    20 ||    75
       Steam dragon scal |       |       |     1 |    16 |       ||    17
Dodge: Dodged            |   165 |   141 |   133 |   423 |   600 ||  1462
       Repelled          |       |       |       |       |     3 ||     3

Table legend: (Time is in decaauts)
 A = Elapsed time spent in this place.
 B = Non-inter-level travel time spent in this place.
 C = Inter-level travel time spent in this place.
 D = Time resting spent in this place.
 E = Time spent auto-exploring this place.
 F = Levels seen in this place.
 G = Mean time per level.
                   A        B        C        D        E       F      G
               +--------+--------+--------+--------+--------+-----+--------+
         Total |  16675 |  15521 |   1154 |   1771 |   9708 |  24 |  694.8 |
       Dungeon |   8606 |   7867 |    739 |    761 |   5248 |  13 |  662.0 |
        Temple |    424 |    363 |     61 |     83 |     30 |   1 |  424.0 |
          Lair |   4455 |   4240 |    215 |    495 |   2929 |   5 |  891.0 |
         Swamp |    941 |    917 |     24 |    121 |    393 |   1 |  941.0 |
  Orcish Mines |   1820 |   1707 |    113 |    310 |    871 |   2 |  910.0 |
         Sewer |    221 |    221 |      0 |      0 |    140 |   1 |  221.0 |
        Bailey |    206 |    206 |      0 |      0 |     95 |   1 |  206.0 |
               +--------+--------+--------+--------+--------+-----+--------+

Top non-repeatable levels by time:
   Orc:2: 1375 daAuts
  Lair:5: 1267 daAuts
  Lair:2: 994 daAuts
 Swamp:1: 941 daAuts
    D:12: 938 daAuts
     D:3: 863 daAuts
     D:7: 818 daAuts
    D:10: 776 daAuts
     D:4: 752 daAuts
  Lair:4: 749 daAuts
  Lair:3: 734 daAuts
     D:1: 715 daAuts
  Lair:1: 708 daAuts
     D:8: 670 daAuts
    D:11: 647 daAuts
